 Dungeon Crawl Stone Soup version 0.22-a0-247-gbddf880 (webtiles) character file.

1 4thArraOfDagon the Scratcher (level 1, -1/9 HPs)
             Began as a Felid Transmuter on Feb 27, 2018.
             Slain by a kobold (2 damage)
             ... on level 1 of the Dungeon.
             The game lasted 00:00:35 (79 turns).

4thArraOfDagon the Scratcher (Felid Transmuter)       Turns: 79, Time: 00:00:35

Health: -1/9       AC:  1    Str:  6    XL:     1   Next: 16%
Magic:  3/4        EV: 18    Int: 14    God:
Gold:   0          SH:  0    Dex: 16    Spells: 3/4 levels left
                                        Lives:  0   Deaths: 0

rFire    . . .     SeeInvis +     - Unarmed
rCold    . . .     Gourm    .   (shield unavailable)
rNeg     . . .     Faith    .   (armour unavailable)
rPois    .         Spirit   .   (helmet unavailable)
rElec    .         Reflect  .   (cloak unavailable)
rCorr    .         Harm     .   (gloves unavailable)
MR       .....                  (boots unavailable)
Stlth    ++........             (no amulet)
HPRegen  0.03/turn              (no ring)
MPRegen  0.09/turn              (no ring)

@: appendage, quick
A: very small, no armour, no weapons or thrown items, stealth, claws 1, fangs 3,
horns 2, see invisible, blink, carnivore, deterioration 2, speed 1, sense
surroundings 1, shaggy fur 1, slow metabolism 1, sharp paws
a: End Transformation, Blink


You were on level 1 of the Dungeon.
You were not hungry.
You had grown temporary horns.
You visited 1 branch of the dungeon, and saw 1 of its levels.

Inventory:

Missiles
 a - 12 arrows
Comestibles
 b - a ration


   Skills:
 + Level 1.0 Fighting
 + Level 2.7 Dodging
 * Level 0.2 Stealth
 * Level 3.0 Unarmed Combat
 - Level 2.0 Spellcasting
 * Level 2.2 Transmutations


You had 3 spell levels left.
You knew the following spells:

 Your Spells              Type           Power        Failure   Level  Hunger
a - Beastly Appendage     Tmut           #.....       10%         1    ##.....


Dungeon Overview and Level Annotations

Branches:
Dungeon (1/15)

Altars:


Innate Abilities, Weirdness & Mutations

You cannot wear armour.
You are incapable of wielding weapons or throwing items.
Your paws allow you to move quietly. (Stealth)
You have sharp claws.
You have razor-sharp teeth.
You have supernaturally acute eyesight. (SInv)
You are carnivorous and can eat meat at any time.
You cover ground quickly.
You are covered in fur. (AC +1)
You have a slow metabolism.
Your sharp claws are effective at attacking unaware monsters.
You have a pair of horns on your head.
You can translocate small distances at will.
Your body often deteriorates upon taking damage.
You passively map a small area around you.


Message History

The kobold throws a stone.
The stone barely misses you.
Unknown command.
The kobold throws a stone.
The stone misses you.
Unknown command.
Casting: Beastly Appendage (safe; 10% risk of failure)
Confirm with . or Enter, or press ? or * to list all spells.
You grow a pair of large bovine horns.
You scratch the kobold. Your headbutt misses the kobold.
The kobold is moderately wounded.
The kobold hits you.
* * * LOW HITPOINT WARNING * * *
You closely miss the kobold.
The kobold is moderately wounded.
Unknown command.
It was a potion of mutation.
You feel extremely strange.
You feel yourself wasting away.
You feel your body start to fall apart.
You feel a strange attunement to the structure of the dungeons.
You feel jittery. The kobold hits you.
You die...

#### #...* * * #...*
* #... * #...
*####*,. #...
...##.. ,
#..K##....... , ,
#.?.@........ , ,
####.#...##. ,,
###.....#.. ,
##...(.......
#....###.####, * *
#....#.....#
###....#.#.#.# ,
#.'....#.#.#.#####.#
,
#.#...>'............


You could see a kobold.

Vanquished Creatures
  A goblin (D:1)
1 creature vanquished.

Notes
Turn   | Place    | Note
-------+----------+-------------------------------------------
     0 | D:1      | 4thArraOfDagon the Felid Transmuter began the quest for the Orb.
     0 | D:1      | Reached XP level 1. HP: 9/9 MP: 4/4
    79 | D:1      | Gained mutation: Your body sometimes deteriorates upon taking damage. [potion of mutation]
    79 | D:1      | Gained mutation: Your body often deteriorates upon taking damage. [potion of mutation]
    79 | D:1      | Gained mutation: You passively map a small area around you. [potion of mutation]
    79 | D:1      | Gained mutation: You can translocate small distances at will. [potion of mutation]
    79 | D:1      | Slain by a kobold

Vault maps used:
D:1:      dpeg_arrival_round_a

Action                   || total
-------------------------++-------
Melee: Unarmed           ||     5
 Cast: Beastly Appendage ||     3
  Use: Potion            ||     1
  Eat: Chunk             ||     1
Dodge: Dodged            ||     2

Table legend:
 A = Spawn XP
 B = Non-spawn XP
 C = Spawn XP percentage of total XP
 D = Spawn monster count
 E = Non-spawn monster count
 F = Spawn count percentage of total count
 G = Total turns spent on level
                    A         B        C        D         E        F      G
               +---------+---------+-------+---------+---------+-------+---------
         Total |       0 |       2 |   0.0 |       0 |       1 |   0.0 |    79
               +---------+---------+-------+---------+---------+-------+---------
           D:1 |       0 |       2 |   0.0 |       0 |       1 |   0.0 |    79
               +---------+---------+-------+---------+---------+-------+---------
